wizbiz, neutral female human Wizard -## --- --- ---#.| --.-- --.------- ---- ---->#..| --...----........| ---..----.|...#------ |..........-----.---|......|.......[....- |.....------ |...--............------..| |.....-- --- ----...................--|..G |.|....---.---.-------------...*.....###.| |.|-.......^......| |......@...| .| |.|..^----........--- -...---.h.-- .- |.|-.-- ---........-- .....| |...| . |.---| ----|.........| |.....-- |..-- |....| |^<||-........-- --....| ---- ---..|--..--..........| ------ ---|................| |.............---- |.............| ----......|.--- ----(.---- ---- wizbiz the Thaumaturge Experience level: 6 Strength: 11 Dexterity: 15 Constitution: 16 Intelligence: 18 Wisdom: 14 Charisma: 9 Health: 0(35) Energy: 44(62) Def: 1 Gold: 802 Moves: 2074 Dungeon seed: m_PSvcgC1JrkIMe8 Game ID: wizbiz_1528491452 Your Inventory: Coins $ - 802 gold pieces Weapons a - a blessed +2 quarterstaff (weapon in hands) r - a cursed -1 sling t - 14 +0 crossbow bolts u - 4 +0 arrows w - a blessed +1 arrow x - a +1 arrow B - 7 +0 daggers E - a cursed -1 elven dagger J - 10 +0 darts L - 7 +0 silver arrows N - 6 +3 darts O - a +0 elven dagger Armor e - an uncursed +0 cloak of magic resistance (being worn) Comestibles M - an uncursed food ration Scrolls i - an uncursed scroll of light k - a blessed scroll of confuse monster q - 2 uncursed scrolls of teleportation F - a cursed scroll of identify G - an uncursed scroll of blank paper Spellbooks l - a blessed spellbook of force bolt m - an uncursed spellbook of create monster H - an uncursed spellbook of restore ability Potions f - an uncursed potion of enlightenment g - a blessed potion of sleeping h - an uncursed potion of see invisible v - an uncursed potion of extra healing D - an uncursed potion of water I - a cursed potion of speed Rings c - a blessed +3 ring of gain constitution (on left hand) d - an uncursed ring of searching Wands b - a wand of striking (0:7) A - a wand of digging (0:8) Tools s - an uncursed wax candle (0:400) C - an uncursed oil lamp (0:1026) K - an uncursed tallow candle (0:200) Gems n - 3 uncursed worthless pieces of yellow glass y - 3 uncursed worthless pieces of yellowish brown glass z - 2 uncursed worthless pieces of violet glass Spells and supernatural/magical abilities: Name Level Category Fail Memory a - force bolt 1 attack 0% 90% O - create monster 2 clerical 43% 90% W - pray for help -- divine ? -- Your skills at the end: Fighting Skills Weapon Skills quarterstaff [Basic] Spellcasting Skills attack spells [Basic] enchantment spells [Basic] Final Attributes: You were piously aligned. You were magic-protected. You were telepathic. You are dead. Vanquished creatures: a leprechaun 2 gnome lords a gnomish wizard 2 elf zombies a floating eye 4 dwarves a homunculus a rothe a wererat a werejackal an iguana 4 hobbits a large kobold a hobgoblin a yellow mold 16 gnomes 3 geckos 4 jackals 6 grid bugs 2 bats 2 lichens a kobold zombie 6 newts 63 creatures vanquished. Voluntary challenges: You used a wielded weapon 49 times, starting on turn 60. You read items or engraved 1 time, starting on turn 728. You never genocided any monsters. You never polymorphed an object. You never changed form. You used no wishes. You never split a pudding. You never wrote Elbereth's name. You violated your moral code, losing 14 points of alignment, starting on turn 1136. Dungeon overview: The Dungeons of Doom: levels 1 to 5 Level 1 an altar to Thoth a long staircase Level 2 some fountains Level 3 stairs to The Gnomish Mines Level 4 a fountain Level 5 The Gnomish Mines: levels 4 to 6 Level 4 stairs to The Dungeons of Doom Level 5 <- You were here Level 6 History has recorded: On T:1 you entered the Dungeons of Doom to retrieve the Amulet of Yendor! On T:294 you reached level 2 of The Dungeons of Doom. On T:417 you reached level 3 of The Dungeons of Doom. On T:746 you reached level 1 of The Gnomish Mines. On T:768 you advanced to experience level 2. On T:945 you reached level 4 of The Dungeons of Doom. On T:1136 you advanced to experience level 3. On T:1251 you reached level 5 of The Dungeons of Doom. On T:1512 you advanced to experience level 4. On T:1549 you reached level 2 of The Gnomish Mines. On T:1693 you advanced to experience level 5. On T:2054 you advanced to experience level 6. On T:2061 you reached level 3 of The Gnomish Mines. Score breakdown: Gold: 802 ( 9880 points) Experience: 6 levels (12456 points) Exploration: 6 levels ( 11.54%) ( 9393 points) Discoveries: 1 item ( 0.35%) ( 1770 points) Valuables value: (no points given unless you survive) Artifact value: 0 ( 0 points) Variety of kills: 23 monsters ( 6.04%) ( 7370 points) Turncount: 2074 turns ( -54 points) Survival: died (score multiplied by 80%) Total score: 32652 Latest messages: You stop eating. You resume your meal. You finish eating the gnome corpse. N - 6 darts. You hit the dwarf. The dwarf swings his pick-axe. The dwarf hits! You miss the dwarf. You kill the dwarf! Welcome to experience level 6. $ - 14 gold pieces. There are a few more objects here. O - a runed dagger. You hear crashing rock. You find a falling rock trap. You miss the dwarf. The dwarf swings her broad pick. The dwarf hits! You miss the dwarf. The spell hits the dwarf! The dwarf swings her broad pick. The dwarf hits! You die... Final status: Goodbye wizbiz the Wizard, killed by a dwarf... You died in The Gnomish Mines on dungeon level 5 with 32652 points, and 802 pieces of gold, after 2074 moves. You were level 6 with a maximum of 35 hit points when you died.